 Dungeon Crawl Stone Soup version 0.32-a0-119-g2e8054a333 (console) character file.

Game seed: 4423405995496582219

15428 jejorda2 the Cleaver (level 12, -3/145 HPs)
             Began as a Gnoll Berserker on Feb 6, 2024.
             Was an Elder of Trog.
             Slain by a manticore (10 damage)
             ... on level 11 of the Dungeon.
             The game lasted 00:28:45 (11772 turns).

jejorda2 the Cleaver (Gnoll Berserker)             Turns: 11772, Time: 00:28:46

Health: -3/145     AC: 15    Str: 22    XL:     12   Next: 26%
Magic:  23/23      EV:  9    Int:  6    God:    Trog [****..]
Gold:   180        SH:  0    Dex: 12    Spells: 25/25 levels left

rFire   + . .        a - +3 battleaxe (freeze)
rCold   . . .        (shield currently unavailable)
rNeg    . . .        j - +0 plate armour
rPois   +            (no helmet)
rElec   .            G - +0 cloak
rCorr   .            (no gloves)
SInv    .            (no boots)
Will    ++...        Q - amulet of the acrobat Stlth
                     t - ring of protection from fire
HPRegen 1.44/turn    F - ring of poison resistance
MPRegen 0.18/turn

%: acrobat
@: berserking, strong-willed (expiring), regenerating (expiring), very quick
A: fangs 1, strong nose, distributed training
a: Renounce Religion, Berserk, Trog's Hand, Brothers in Arms


You were on level 11 of the Dungeon.
You worshipped Trog.
Trog was greatly pleased with you.
You visited 1 branch of the dungeon, and saw 11 of its levels.
You also visited: Sewer.

You collected 657 gold pieces.
You spent 477 gold pieces at shops.

Inventory:

Hand Weapons
 a - a +3 battleaxe of freezing (weapon)
 b - a +0 war axe of flaming
 d - the +8 rapier "Newtslayer" {heavy, rPois rC++ rN++}
   (Trog gifted it to you on level 9 of the Dungeon)

   rC++:      It greatly protects you from cold.
   rPois:     It protects you from poison rN++: It greatly protects you from
   negative energy.
 y - a +0 battleaxe
 I - a +4 dire flail of freezing
Missiles
 k - 42 poisoned darts (quivered)
 q - 2 atropa-tipped darts
 u - 2 throwing nets
 J - a curare-tipped dart
 L - 7 boomerangs
Armour
 j - a +0 plate armour (worn)
 G - a +0 cloak (worn)
Jewellery
 c - a ring of see invisible
 i - a ring of flight
 t - a ring of protection from fire (left hand)
 F - a ring of poison resistance (right hand)
 Q - an amulet of the acrobat (around neck)
Wands
 e - a wand of paralysis (15)
 o - a wand of polymorph (10)
 s - a wand of iceblast (25)
 v - a wand of acid (6)
 x - a wand of digging (5)
Scrolls
 l - 3 scrolls of enchant weapon
 w - 2 scrolls of immolation
 C - a scroll of blinking
 D - a scroll of enchant armour
 M - a scroll of identify
 N - a scroll of teleportation
 O - a scroll of revelation
 P - a scroll of fear
Potions
 f - a potion of cancellation {unknown}
 g - 3 potions of attraction
 h - 2 potions of magic
 m - 4 potions of lignification {unknown}
 n - a potion of ambrosia
 p - 3 potions of resistance
 r - 3 potions of might
 z - 2 potions of haste
 A - 3 potions of heal wounds
 B - 2 potions of invisibility {unknown}
 E - a potion of mutation
 H - 3 potions of curing


   Skills:
 + Level 9.9 Fighting
 + Level 7.4 Short Blades
 + Level 7.4 Long Blades
 + Level 9.9 Axes
 + Level 7.4 Maces & Flails
 + Level 7.4 Polearms
 + Level 7.4 Staves
 + Level 7.4 Ranged Weapons
 + Level 7.4 Throwing
 + Level 8.8 Armour
 + Level 8.8 Dodging
 + Level 7.4 Stealth
 + Level 7.4 Shields
 + Level 7.4 Unarmed Combat
 + Level 7.4 Spellcasting
 + Level 6.1 Conjurations
 + Level 6.1 Hexes
 + Level 6.1 Summonings
 + Level 6.1 Necromancy
 + Level 6.1 Translocations
 + Level 6.1 Fire Magic
 + Level 6.1 Ice Magic
 + Level 6.1 Air Magic
 + Level 6.1 Earth Magic
 + Level 6.1 Alchemy
 + Level 8.1 Invocations
 + Level 7.4 Evocations
 + Level 6.7 Shapeshifting


You had 25 spell levels left.
You didn't know any spells.
Your spell library was empty.

Dungeon Overview and Level Annotations

Branches:
Dungeon (11/15)            Temple (0/1) D:6            Lair (0/5) D:9
  Sewer (visited)
    Orc: D:9-12

Altars:
Zin

Shops:
D:4 *[(!   D:6 [[=[?   D:11 *

Annotations:
D:8 3 runed translucent doors, octoduck's ghost, novice TrSh
D:11 3 runed translucent doors, LobsterGuardian's ghost, journeyman FoHs


Innate Abilities, Weirdness & Mutations

You have very sharp teeth.
Your uncanny sense of smell can sniff out nearby items.
Your experience applies equally to all skills.


Message History

The vampire is heavily damaged.
The vampire casts a spell.
The vampire flickers and vanishes!
Deactivating autopickup; reactivate with Ctrl-A.
Something hits you. Something bites you!
Something draws strength from your injuries!
You closely miss something. Something hits you but does no damage.
Something bites you!
Something draws strength from your injuries!
You slice something!! You freeze something. Something hits you!
Something bites you but does no damage.
You slash something! You freeze something. Trog accepts your kill.
Trog appreciates your killing of a magic user.
Reactivating autopickup.
You feel a bit more experienced.
A manticore comes into view.
Items here: $ ).
The manticore completely misses you. x2; The manticore claws you.
You slice the manticore!! You freeze the manticore.
The manticore is heavily wounded.
You feel the effects of Trog's Hand fading.
The manticore bites you.
* * * LOW HITPOINT WARNING * * *
The manticore claws you.
* * * LOW HITPOINT WARNING * * *
The manticore claws you.
* * * LOW HITPOINT WARNING * * *
You closely miss the manticore. You bite the manticore.
The manticore is severely wounded.
The manticore bites you!!
* * * LOW HITPOINT WARNING * * *
The manticore claws you but does no damage. x2
Unknown command.
A red film seems to cover your vision as you go berserk!
You feel yourself moving faster!
You feel mighty! The manticore barely misses you. The manticore claws you!
* * * LOW HITPOINT WARNING * * *
The manticore claws you!
You die...

####.........#~~~≈≈~≈~~≈~~~~#....
#..##.........####..######~####
###.##.....#....#.?#..#∆ ≈#
....##.#...~....##.#..#∆
...........~.......#..###..#
...........≈###............#
...........~#.#............#
.^.........~#....$~≈~#####+#
...........~####@.~ß~#
...........~.....H~≈≈#
...........~......####
...........~####..' )......)...
∆#..#. ∆∆ ......... #..#..
......... ...# .# ......... ...#
.' .........


You could see a manticore.

Vanquished Creatures
  A boulder beetle (D:11)
  A two-headed ogre (D:11)
  An ugly thing (D:11)
  Maurice (D:7)
  2 gargoyles (D:11)
  An unseen horror (D:10)
  Psyche (D:9)
  2 trolls
  2 hornets
  A slime creature (D:8)
  2 shadows
  3 wraiths (D:11)
  2 vampires (D:11)
  28 yaks
  2 wyverns (D:9)
  2 steam dragons (D:7)
  4 vampire mosquitoes
  2 acid dragons
  A water moccasin (D:9)
  4 orc warriors
  An ice beast (D:5)
  5 black bears
  An ogre (D:6)
  2 wolves (D:9)
  4 centaurs
  3 phantoms
  5 kobold brigands
  3 bullfrogs
  2 gnoll sergeants
  2 scorpions
  14 wights (D:8)
  17 killer bees
  5 howler monkeys
  A bombardier beetle (D:6)
  A gnoll bouda (D:5)
  3 hounds
  5 orc priests
  6 jellies
  Natasha (D:4)
  4 iguanas
  9 orc wizards
  10 gnolls
  10 adders
  A river rat (D:4)
  4 white imps
  3 ribbon worms
  2 dart slugs
  31 orcs
  18 endoplasms
  8 giant cockroaches
  9 goblins
  11 hobgoblins
  3 jackals (D:1)
  4 quokkas
  11 ball pythons
  4 bats
  12 frilled lizards
  15 kobolds
  11 rats
324 creatures vanquished.

Vanquished Creatures (others)
  A bullfrog (D:7)
  An orc (D:7)
2 creatures vanquished.

Grand Total: 326 creatures vanquished

Notes
Turn   | Place    | Note
-------+----------+-------------------------------------------
     0 | D:1      | jejorda2 the Gnoll Berserker began the quest for the Orb.
     0 | D:1      | Reached XP level 1. HP: 23/23 MP: 1/1
    80 | D:1      | Reached XP level 2. HP: 26/29 MP: 2/2
   187 | D:1      | Reached XP level 3. HP: 31/35 MP: 3/3
   414 | D:1      | Reached ** piety under Trog
   622 | D:2      | Reached skill level 1 in Invocations
   682 | D:2      | Reached skill level 1 in Short Blades
   682 | D:2      | Reached skill level 1 in Long Blades
   682 | D:2      | Reached skill level 1 in Maces & Flails
   682 | D:2      | Reached skill level 1 in Polearms
   682 | D:2      | Reached skill level 1 in Staves
   682 | D:2      | Reached skill level 1 in Ranged Weapons
   682 | D:2      | Reached skill level 1 in Throwing
   682 | D:2      | Reached skill level 1 in Stealth
   682 | D:2      | Reached skill level 1 in Shields
   682 | D:2      | Reached skill level 1 in Unarmed Combat
   682 | D:2      | Reached skill level 1 in Spellcasting
   682 | D:2      | Reached skill level 1 in Evocations
   856 | D:2      | Reached skill level 1 in Shapeshifting
   856 | D:2      | Reached XP level 4. HP: 39/41 MP: 5/5
   890 | D:2      | Reached skill level 1 in Conjurations
   890 | D:2      | Reached skill level 1 in Hexes
   890 | D:2      | Reached skill level 1 in Summonings
   890 | D:2      | Reached skill level 1 in Necromancy
   890 | D:2      | Reached skill level 1 in Translocations
   890 | D:2      | Reached skill level 1 in Fire Magic
   890 | D:2      | Reached skill level 1 in Ice Magic
   890 | D:2      | Reached skill level 1 in Air Magic
   890 | D:2      | Reached skill level 1 in Earth Magic
   890 | D:2      | Reached skill level 1 in Alchemy
  1197 | D:3      | Identified the +4 whip "Ultimatum" {protect, Will+ Stlth+}
  1331 | D:3      | Reached XP level 5. HP: 46/47 MP: 7/7
  1499 | D:3      | Reached *** piety under Trog
  1647 | D:3      | Identified the +8 short sword of Eternal Vigilance {freeze,
                  | Int+3}
  1785 | D:3      | Found a glowing silver altar of Zin.
  1944 | D:4      | Noticed a phantom
  1959 | D:4      | Killed a phantom
  1960 | D:4      | Reached skill level 5 in Armour
  1960 | D:4      | Reached skill level 5 in Dodging
  1960 | D:4      | Reached XP level 6. HP: 53/53 MP: 7/9
  2082 | D:4      | Noticed a black bear
  2089 | D:4      | Killed a black bear
  2122 | D:4      | Found a glowing drain.
  2143 | Sewer    | Entered a sewer
  2213 | Sewer    | Reached XP level 7. HP: 59/59 MP: 10/10
  2265 | Sewer    | Reached **** piety under Trog
  2333 | Sewer    | Found a viscous altar of Jiyva.
  2683 | D:4      | Noticed Natasha
  2689 | D:4      | Killed Natasha
  2768 | D:4      | Found Ziogiy's Antique Armour Shop.
  2769 | D:4      | Found Goare's General Store.
  2769 | D:4      | Found Itong's Distillery.
  2773 | D:4      | Found Vehud's Antique Weapon Shop.
  2985 | D:4      | Bought a glowing war axe for 175 gold pieces
  3012 | D:5      | Entered Level 5 of the Dungeon
  3036 | D:4      | Bought a potion of curing for 36 gold pieces
  3262 | D:5      | Reached XP level 8. HP: 58/67 MP: 12/12
  3712 | D:6      | Found Lichebeg's Armour Shop.
  3750 | D:6      | Found Titzo's Antique Armour Boutique.
  4079 | D:6      | Found Nivotatua's Jewellery Shop.
  4100 | D:6      | Found Ismowah's Antique Armour Boutique.
  4121 | D:6      | Found Qacem's Magic Scroll Emporium.
  4287 | D:6      | Found a staircase to the Ecumenical Temple.
  4423 | D:7      | Reached ***** piety under Trog
  4581 | D:7      | Reached XP level 9. HP: 46/73 MP: 14/14
  4775 | D:7      | Noticed Maurice
  4784 | D:7      | Something stole a ring of poison resistance
  4786 | D:7      | Something stole a +1 hand axe
  4791 | D:7      | Something stole 10 poisoned darts
  4792 | D:7      | Something stole 63 gold
  4793 | D:7      | Something stole 67 gold
  4826 | D:7      | Killed Maurice
  5342 | D:8      | Reached skill level 5 in Invocations
  5500 | D:8      | Noticed a cyclops
  5505 | D:8      | Found a runed translucent gate.
  5505 | D:8      | Found a runed translucent gate.
  5506 | D:8      | Found a runed translucent gate.
  5506 | D:8      | Noticed octoduck's ghost (novice TrSh)
  6215 | D:8      | Reached skill level 5 in Short Blades
  6215 | D:8      | Reached skill level 5 in Long Blades
  6215 | D:8      | Reached skill level 5 in Maces & Flails
  6215 | D:8      | Reached skill level 5 in Polearms
  6215 | D:8      | Reached skill level 5 in Staves
  6215 | D:8      | Reached skill level 5 in Ranged Weapons
  6215 | D:8      | Reached skill level 5 in Throwing
  6215 | D:8      | Reached skill level 5 in Stealth
  6215 | D:8      | Reached skill level 5 in Shields
  6215 | D:8      | Reached skill level 5 in Unarmed Combat
  6215 | D:8      | Reached skill level 5 in Spellcasting
  6215 | D:8      | Reached skill level 5 in Evocations
  6215 | D:8      | Reached XP level 10. HP: 79/81 MP: 17/17
  7139 | D:9      | Reached skill level 5 in Shapeshifting
  7145 | D:9      | Identified the +8 rapier "Newtslayer" {heavy, rPois rC++
                  | rN++} (Trog gifted it to you on level 9 of the Dungeon)
  7145 | D:9      | Received a gift from Trog
  8150 | D:9      | Noticed Psyche
  8164 | D:9      | Killed Psyche
  8183 | D:9      | Reached skill level 5 in Conjurations
  8183 | D:9      | Reached skill level 5 in Hexes
  8183 | D:9      | Reached skill level 5 in Summonings
  8183 | D:9      | Reached skill level 5 in Necromancy
  8183 | D:9      | Reached skill level 5 in Translocations
  8183 | D:9      | Reached skill level 5 in Fire Magic
  8183 | D:9      | Reached skill level 5 in Ice Magic
  8183 | D:9      | Reached skill level 5 in Air Magic
  8183 | D:9      | Reached skill level 5 in Earth Magic
  8183 | D:9      | Reached skill level 5 in Alchemy
  8319 | D:9      | Found a staircase to the Lair.
  8329 | D:9      | Reached XP level 11. HP: 67/89 MP: 20/20
  8349 | D:9      | HP: 2/89 [yak (10)]
  8950 | D:10     | Entered Level 10 of the Dungeon
 10616 | D:11     | Found Jossavoy's Assorted Antiques.
 10648 | D:11     | Bought a glowing wooden ring for 140 gold pieces
 11118 | D:11     | Found a runed translucent gate.
 11118 | D:11     | Found a runed translucent gate.
 11126 | D:11     | Found a runed translucent gate.
 11142 | D:11     | Noticed a purple ugly thing
 11146 | D:11     | Noticed a minotaur
 11146 | D:11     | Noticed LobsterGuardian's ghost (journeyman FoHs)
 11165 | D:11     | Killed a purple ugly thing
 11166 | D:11     | Reached XP level 12. HP: 88/97 MP: 22/22
 11178 | D:11     | Noticed a boulder beetle
 11289 | D:6      | Bought a scroll of revelation for 82 gold pieces
 11289 | D:6      | Bought a scroll of fear for 44 gold pieces
 11518 | D:11     | Noticed a boulder beetle
 11538 | D:11     | Killed a boulder beetle
 11555 | D:11     | Noticed a two-headed ogre
 11565 | D:11     | Killed a two-headed ogre
 11772 | D:11     | HP: 7/145 [manticore (7)]
 11772 | D:11     | Slain by a manticore

Illustrated notes

Levels and vault maps discovered:
D:1:      tarquinn_simple_flora_water_f, layout_rooms, minmay_tripent
D:2:      layout_basic, minmay_tetromino_t2
D:3:      layout_loops_cross, mainiacjoe_overflow_alcove_2, grunt_decor_fettered
D:4:      layout_loops_ring, mainiacjoe_sewer_entry_somewhere_in_here_2,
          kennysheep_doodads, minmay_shop_grid_forest, uniq_natasha
D:5:      dreamdust_elfheim, layout_rooms, serial_library_hellmonk_angled_corner
D:6:      layout_cave_pools, temple_pool_b, serial_shops, nicolae_stop_n_shop_1,
          shop, nicolae_take_the_stairs, shop, shop,
          ebering_dispersal_statue_hall
D:7:      layout_rooms, uniq_maurice
D:8:      minmay_slanted_spiral_squares, layout_loops_corners,
          gammafunk_ghost_split
D:9:      layout_loops_ring, minmay_lair_entry_grove, uniq_psyche
D:10:     layout_long_grid
D:11:     cheibrodos_ideogram_h, layout_rooms, serial_shops, shop,
          maelrawn_ghost_gauntlet_escape

Skill      XL: |  1  2  3  4  5  6  7  8  9 10 11 12 |
---------------+-------------------------------------+-----
Invocations    | 1 2 3 4 5 6 7 8 |  8.1
Short Blades   | 1 2 3 5 6 7 |  7.4
Long Blades    | 1 2 3 5 6 7 |  7.4
Maces & Flails | 1 2 3 5 6 7 |  7.4
Polearms       | 1 2 3 5 6 7 |  7.4
Staves         | 1 2 3 5 6 7 |  7.4
Ranged Weapons | 1 2 3 5 6 7 |  7.4
Throwing       | 1 2 3 5 6 7 |  7.4
Stealth        | 1 2 3 5 6 7 |  7.4
Shields        | 1 2 3 5 6 7 |  7.4
Unarmed Combat | 1 2 3 5 6 7 |  7.4
Spellcasting   | 1 2 3 5 6 7 |  7.4
Evocations     | 1 2 3 5 6 7 |  7.4
Shapeshifting  | 1 2 3 4 5 6 |  6.7
Conjurations   | 1 2 3 4 5 6 |  6.1
Hexes          | 1 2 3 4 5 6 |  6.1
Summonings     | 1 2 3 4 5 6 |  6.1
Necromancy     | 1 2 3 4 5 6 |  6.1
Translocations | 1 2 3 4 5 6 |  6.1
Fire Magic     | 1 2 3 4 5 6 |  6.1
Ice Magic      | 1 2 3 4 5 6 |  6.1
Air Magic      | 1 2 3 4 5 6 |  6.1
Earth Magic    | 1 2 3 4 5 6 |  6.1
Alchemy        | 1 2 3 4 5 6 |  6.1
Armour         | 5 6 7 8 |  8.8
Dodging        | 5 6 7 8 |  8.8
Fighting       | 7 8 9 |  9.9
Axes           | 7 8 9 |  9.9

Action                     |  1- 3 |  4- 6 |  7- 9 | 10-12 || total
---------------------------+-------+-------+-------+-------++-------
  Melee: Hand axe          |    96 |    44 |       |       ||   140
         Punch             |     3 |       |       |       ||     3
         Bite              |     6 |    12 |    22 |    49 ||    89
         Whip              |       |    58 |       |       ||    58
         Short sword       |       |    73 |    65 |       ||   138
         War axe           |       |       |   208 |       ||   208
         Battleaxe         |       |       |    28 |   380 ||   408
  Throw: Dart              |       |       |       |    16 ||    16
 Invoke: Berserk           |       |     2 |     5 |    11 ||    18
         Trog's Hand       |       |       |     2 |     8 ||    10
  Evoke: Wand              |       |       |     3 |     1 ||     4
    Use: Scroll            |       |     8 |     7 |     4 ||    19
         Potion            |       |       |     6 |       ||     6
   Stab: Sleeping          |       |     2 |     3 |       ||     5
         Paralysed         |       |       |       |     1 ||     1
 Armour: Ring mail         |    48 |    74 |   164 |       ||   286
         Animal skin       |     3 |       |       |       ||     3
         Plate armour      |       |       |    80 |   528 ||   608
  Dodge: Dodged            |    36 |    67 |   129 |   189 ||   421
  Block: Buckler           |     6 |    26 |    58 |       ||    90

Table legend: (Time is in decaauts)
 A = Elapsed time spent in this place.
 B = Non-inter-level travel time spent in this place.
 C = Inter-level travel time spent in this place.
 D = Time resting spent in this place.
 E = Time spent auto-exploring this place.
 F = Levels seen in this place.
 G = Mean time per level.
                   A        B        C        D        E       F      G
               +--------+--------+--------+--------+--------+-----+--------+
         Total |  12063 |  11223 |    840 |    914 |   7805 |  12 | 1005.2 |
       Dungeon |  11763 |  10923 |    840 |    914 |   7633 |  11 | 1069.4 |
         Sewer |    300 |    300 |      0 |      0 |    172 |   1 |  300.0 |
               +--------+--------+--------+--------+--------+-----+--------+

Top non-repeatable levels by time:
     D:8: 1976 daAuts
    D:10: 1847 daAuts
     D:9: 1781 daAuts
     D:7: 962 daAuts
    D:11: 909 daAuts
     D:6: 865 daAuts
     D:4: 835 daAuts
     D:3: 745 daAuts
     D:5: 648 daAuts
     D:1: 604 daAuts
     D:2: 586 daAuts
   Sewer: 300 daAuts
